 Dungeon Crawl Stone Soup version 0.17.1-1-g73c8601 (webtiles) character file.

3461 PossumBlood the Carver (level 9, -1/82 HPs)
             Began as a Minotaur Fighter on Jan 6, 2016.
             Was an Elder of Okawaru.
             Slain by a spiny frog (6 damage)
             ... on level 8 of the Dungeon.
             The game lasted 00:20:58 (6057 turns).

PossumBlood the Carver (Minotaur Fighter)           Turns: 6057, Time: 00:20:58

Health: -1/82      AC: 10    Str: 25    XL:     9   Next: 78%
Magic:  8/8        EV:  8    Int:  9    God:    Okawaru [****..]
Gold:   188        SH: 10    Dex: 11    Spells: 0 memorised, 8 levels left

rFire  . . .     SeeInvis .     C - +3 long sword (freeze)
rCold  . . .     Clarity  .     B - +1 ring mail of Lugonu's Delight {Int+4 Dex+2}
rNeg   . . .     SustAt   +     c - +0 shield
rPois  .         Gourm    .     (helmet restricted)
rElec  .         Spirit   .     p - +0 cloak
rCorr  .         Warding  .     h - +1 pair of gloves
rMut   .         Stasis   .     (no boots)
MR     .....                    (no amulet)
Stlth  +.........               (no ring)
                                o - ring of sustain attributes

@: lethally poisoned (-1 -> -11), not resistant to hostile enchantments, very
unstealthy
A: retaliatory headbutt, horns 2
a: Heroism, Renounce Religion


You were on level 8 of the Dungeon.
You worshipped Okawaru.
Okawaru was greatly pleased with you.
You were not hungry.

You visited 1 branch of the dungeon, and saw 8 of its levels.

You collected 405 gold pieces.
You spent 217 gold pieces at shops.

Inventory:

Hand Weapons
 a - a +0 long sword
 u - a +2 scimitar of holy wrath
 C - a +3 long sword of freezing (weapon)
Missiles
 t - 4 poisoned tomahawks (quivered)
Armour
 c - a +0 shield (worn)
 h - a +1 pair of gloves (worn)
 p - a +0 cloak (worn)
 B - the +1 ring mail of Lugonu's Delight (worn) {Int+4 Dex+2}
   (You found it on level 6 of the Dungeon)

   It affects your intelligence (+4).
   It affects your dexterity (+2).
 D - the +0 leather armour of the Fiend {Int+2 Dex+5}
   (You found it on level 6 of the Dungeon)

   It affects your intelligence (+2).
   It affects your dexterity (+5).
Jewellery
 o - a ring of sustain attributes (left hand)
Wands
 y - a wand of teleportation (3)
Scrolls
 f - 3 scrolls of recharging
 r - a scroll of teleportation
 w - 3 scrolls of enchant armour
 E - a scroll of amnesia
Potions
 b - a potion of poison {unknown}
 d - a potion of might
 g - a potion of cancellation
 i - a potion of resistance
 k - 3 potions of lignification
 l - a potion of agility
 m - a potion of heal wounds
 n - a potion of haste
 v - 2 potions of curing
 x - a potion of brilliance {unknown}
 z - a potion of ambrosia {unknown}
 A - 3 potions of berserk rage
Books
 q - a book of Power

   Spells                             Type                      Level
   a - Fulminant Prism                Conjuration/Hexes            4
   b - Iskenderun's Mystic Blast      Conjuration                  4
   c - Venom Bolt                     Conjuration/Poison           5
   d - Bolt of Magma                  Conjuration/Fire/Earth       5
   e - Iron Shot                      Conjuration/Earth            6
   f - Orb of Destruction             Conjuration                  7
   g - Spellforged Servitor           Conjuration/Summoning        7
Comestibles
 e - a bread ration
 j - a slice of pizza
 s - 3 meat rations


   Skills:
 * Level 8.9 Fighting
 - Level 14.1 Long Blades
 - Level 3.6 Armour
 - Level 3.6 Shields


You had 8 spell levels left.
You didn't know any spells.

Dungeon Overview and Level Annotations

Branches:
Dungeon (8/15)             Temple (0/1) D:6            Lair (0/8) D:8

Altars:
Elyvilon
Kikubaaqudgha
Makhleb
Okawaru
Ru
Trog
Zin

Shops:
D:4 (   D:5 }??   D:7 (


Innate Abilities, Weirdness & Mutations

You reflexively headbutt those who attack you in melee.
You have a pair of horns on your head.


Message History

You hit the spiny frog but do no damage.
You headbutt the spiny frog, but do no damage.
You feel sick. You block the spiny frog's attack.
The spiny frog completely misses you.
You hit the spiny frog. You freeze the spiny frog.
Your headbutt misses the spiny frog.
The spiny frog is lightly wounded.
You feel sick. The spiny frog closely misses you. You furiously retaliate!
You headbutt the spiny frog, but do no damage.
You block the spiny frog's attack.
You slash the spiny frog! You freeze the spiny frog.
The spiny frog is heavily wounded.
You feel sick. You block the spiny frog's attack.
The spiny frog completely misses you.
You hit the spiny frog but do no damage.
The spiny frog is heavily wounded.
You feel sick. The spiny frog stings you!!
* * * LOW HITPOINT WARNING * * *
The spiny frog stings you.
You die...

# ..........# #
..........## #
...>.......# #
...........# #.
.............)#
#.#..........((.5#
#.#...........(Fc#
#.#........?####F##
... #.#.. ....##
#@F# .... #.#.#####
##.## .....#
#.†...# #..# ......
#.....#
#######.##....#
#.....#
..(...........#
......#
..............#
##....#
..............#
#....#
..............#
#....#
$.............#


You could see 2 spiny frogs, a giant frog, a centaur and a shadow imp.

Vanquished Creatures
  Grinder (D:6)
  A wyvern (D:8)
  A steam dragon (D:7)
  Eustachio (D:6)
  A hippogriff (D:8)
  An orc warrior (D:7)
  A porcupine (D:8)
  2 black bears
  The ghost of AlfredTheGreat the Skirmisher, an amateur DrBe of Trog (D:3)
  2 ice beasts (D:7)
  2 centaurs
  A phantom (D:5)
  6 ogres
  2 giant frogs
  2 scorpions (D:6)
  3 wights (D:7)
  A giant frog zombie (D:8)
  2 hounds (D:6)
  A giant frog skeleton (D:6)
  2 crimson imps (D:5)
  2 orc priests
  Ijyb (D:2)
  3 centaur skeletons
  A gnoll shaman (D:7)
  2 jellies
  3 worker ants
  6 orc wizards
  A hound skeleton (D:6)
  5 adders
  6 gnolls
  A shadow imp (D:7)
  4 oozes
  An adder zombie (D:5)
  2 adder skeletons
  5 worms
  3 giant geckos
  21 orcs
  9 goblins
  10 hobgoblins
  9 jackals
  4 quokkas
  2 ball pythons
  7 bats
  6 giant cockroaches
  A giant cockroach zombie (D:5)
  A giant gecko skeleton (D:4)
  4 giant newts
  15 kobolds
  12 rats
181 creatures vanquished.

Notes
Turn   | Place    | Note
--------------------------------------------------------------
     0 | D:1      | PossumBlood the Minotaur Fighter began the quest for the Orb.
     0 | D:1      | Reached XP level 1. HP: 19/19 MP: 0/0
   225 | D:1      | Reached XP level 2. HP: 26/26 MP: 1/1
   303 | D:1      | Reached skill level 4 in Long Blades
   438 | D:1      | Reached XP level 3. HP: 27/31 MP: 2/2
   876 | D:2      | Found an iron altar of Okawaru.
   880 | D:2      | Became a worshipper of Warmaster Okawaru
   988 | D:2      | Reached skill level 5 in Long Blades
  1150 | D:2      | Found an ancient bone altar of Kikubaaqudgha.
  1289 | D:2      | Noticed Ijyb
  1296 | D:2      | Killed Ijyb
  1296 | D:2      | Reached XP level 4. HP: 37/39 MP: 3/3
  1538 | D:3      | Noticed AlfredTheGreat's ghost (amateur DrBe)
  1550 | D:3      | Killed AlfredTheGreat's ghost
  1550 | D:3      | Reached skill level 6 in Long Blades
  1550 | D:3      | Reached XP level 5. HP: 13/45 MP: 4/4
  1836 | D:3      | Reached skill level 7 in Long Blades
  2032 | D:3      | Found a sacrificial altar of Ru.
  2693 | D:4      | Noticed an ogre
  2697 | D:4      | Reached XP level 6. HP: 47/51 MP: 5/5
  2700 | D:4      | Killed an ogre
  2700 | D:4      | Reached * piety under Okawaru
  2700 | D:4      | Reached skill level 8 in Long Blades
  2933 | D:4      | Found a bloodstained altar of Trog.
  2938 | D:4      | Found a glowing silver altar of Zin.
  2946 | D:4      | Found a burning altar of Makhleb.
  3061 | D:4      | Found Tusoc's Antique Weapon Emporium.
  3077 | D:4      | Bought a runed scimitar for 112 gold pieces
  3592 | D:4      | Reached skill level 9 in Long Blades
  3592 | D:4      | Reached XP level 7. HP: 57/57 MP: 6/6
  3656 | D:5      | Entered Level 5 of the Dungeon
  3663 | D:5      | Reached skill level 10 in Long Blades
  3672 | D:5      | Reached ** piety under Okawaru
  3791 | D:5      | Found Piush's Gadget Boutique.
  3913 | D:5      | Found Lorchobeg's Magic Scroll Shoppe.
  3922 | D:5      | Bought a scroll of enchant armour for 105 gold pieces
  3939 | D:5      | Found Saocvawnie's Magic Scroll Emporium.
  4030 | D:5      | Reached skill level 11 in Long Blades
  4030 | D:5      | Reached XP level 8. HP: 62/64 MP: 7/7
  4200 | D:6      | Found a staircase to the Ecumenical Temple.
  4211 | D:6      | Noticed Eustachio
  4245 | D:6      | Killed Eustachio
  4245 | D:6      | Reached skill level 12 in Long Blades
  4497 | D:6      | Reached *** piety under Okawaru
  4647 | D:6      | Got an opal-encrusted ring mail
  4658 | D:6      | Identified the cursed +1 ring mail of Lugonu's Delight {Int+4 Dex+2} (You found it on level 6 of the Dungeon)
  4756 | D:6      | Reached skill level 13 in Long Blades
  4829 | D:6      | Noticed Grinder
  4835 | D:6      | Killed Grinder
  4966 | D:6      | Got a bloodstained leather armour
  4977 | D:6      | Identified the cursed +0 leather armour of the Fiend {Int+2 Dex+5} (You found it on level 6 of the Dungeon)
  5076 | D:7      | Reached XP level 9. HP: 44/70 MP: 8/8
  5141 | D:7      | Reached skill level 14 in Long Blades
  5332 | D:7      | Reached **** piety under Okawaru
  5332 | D:7      | Reached skill level 5 in Fighting
  5549 | D:7      | Found Zuesuesoy's Antique Weapon Emporium.
  5635 | D:7      | Found a white marble altar of Elyvilon.
  6037 | D:8      | Found a staircase to the Lair.
  6041 | D:8      | Noticed a spiny frog
  6041 | D:8      | Noticed a spiny frog
  6057 | D:8      | Slain by a spiny frog

Action                   |  1- 3 |  4- 6 |  7- 9 || total
-------------------------+-------+-------+-------++-------
Melee: Long sword        |   111 |    97 |    50 ||   258
       Scimitar          |       |    43 |   215 ||   258
  Use: Scroll            |     4 |    11 |     9 ||    24
       Potion            |       |     2 |     2 ||     4
  Eat: Bread ration      |     1 |     1 |     2 ||     4
